SL
D.C. DIVIDED @ GREENVILLE 84S
08/20/2041
 
TOP OF THE 1ST
D.C. Divided batting - Pitching for Greenville 84s : RHP Glenn Suggett
Pitching: RHP Glenn Suggett
Batting: RHB Nick Boyd 0-0: Ball
1-0: Fly out, F4 (Flyball, 34D, EV 94.4 MPH)
Batting: LHB Bill Butler 0-0: Called Strike
0-1: Called Strike
0-2: Ground out 6-3 (Groundball, 6MS, EV 93.8 MPH)
Batting: RHB Martín Chávez 0-0: Called Strike
0-1: Ground out 6-3 (Groundball, 6S, EV 85.6 MPH)
Top of the 1st over - 0 runs, 0 hits, 0 errors, 0 left on base; D.C. 0 - Greenville 0
BOTTOM OF THE 1ST
Greenville 84s batting - Pitching for D.C. Divided : RHP Ryunosuke Kurota
Pitching: RHP Ryunosuke Kurota
Batting: SHB Glyn Bolasky 0-0: SINGLE (Groundball, 3D, EV 106.2 MPH)
Batting: LHB Philip Visscher 0-0: Called Strike
0-1: Ball
1-1: Ball
2-1: Ball
3-1: Swinging Strike
3-2: Base on Balls
Glyn Bolasky to second
Batting: RHB Ángelo Delgado 0-0: Called Strike
0-1: Foul Ball, location: 2F
0-2: Ball
1-2: 3-RUN HOME RUN (Flyball, 7LD, EV 103.8 MPH), Distance : 359 ft
Batting: LHB Chris Payling 0-0: Hit by Pitch
Batting: RHB Gil Andersen 0-0: DOUBLE (Flyball, 78D, EV 96.9 MPH)
Chris Payling to third
Batting: LHB Roberts Hamhock 0-0: Ball
1-0: Ball
2-0: Ball
3-0: Called Strike
3-1: Foul Ball, location: 2F
3-2: Base on Balls
Batting: RHB António Macías 0-0: Ball
1-0: Called Strike
1-1: Grounds into double play, 6-4-3 (Groundball, 6, EV 82.5 MPH)
Chris Payling scores
Gil Andersen to third
Batting: LHB Lung Chaim 0-0: Called Strike
0-1: Called Strike
0-2: Ball
1-2: Strikes out swinging
Bottom of the 1st over - 4 runs, 3 hits, 0 errors, 1 left on base; D.C. 0 - Greenville 4
TOP OF THE 2ND
D.C. Divided batting - Pitching for Greenville 84s : RHP Glenn Suggett
Batting: LHB Manuel Carmona 0-0: Called Strike
0-1: Ball
1-1: Ball
2-1: Ball
3-1: DOUBLE (Groundball, 5L, EV 104.4 MPH)
Batting: SHB Billy Dotson 0-0: Ball
1-0: Foul Ball, location: 2F
1-1: Fly out, F9 (Flyball, 9LS, EV 86.2 MPH)
Batting: LHB Stanley Zijm 0-0: Ball
1-0: SINGLE (Line Drive, 7S, EV 111.9 MPH)
Manuel Carmona to third
Runner from 3rd tries for Home, SAFE, no throw by LF
Batting: RHB Francisco Alhama 0-0: Foul Ball, location: 2F
0-1: Ball
1-1: 2-RUN HOME RUN (Flyball, 78XD, EV 98.1 MPH), Distance : 421 ft
Batting: RHB Karl Blanke 0-0: Called Strike
0-1: Ball
1-1: Ball
2-1: Called Strike
2-2: Strikes out swinging
Batting: RHB Layton Arntsen 0-0: Ball
1-0: Called Strike
1-1: Foul Ball, location: 2F
1-2: Foul Ball, location: 2F
1-2: Foul Ball, location: 2F
1-2: Foul Ball, location: 2F
1-2: Ball
2-2: Strikes out swinging
Top of the 2nd over - 3 runs, 3 hits, 0 errors, 0 left on base; D.C. 3 - Greenville 4
BOTTOM OF THE 2ND
Greenville 84s batting - Pitching for D.C. Divided : RHP Ryunosuke Kurota
Batting: RHB Freedon Akinmoladun 0-0: Ball
1-0: SINGLE (Line Drive, 6MD, EV 99.4 MPH)
Batting: SHB Glyn Bolasky 0-0: Foul Ball, location: 2F
0-1: Ball
1-1: Ball
2-1: Foul Ball, location: 2F
2-2: Ball
3-2: Base on Balls
Freedon Akinmoladun to second
Batting: LHB Philip Visscher 0-0: Called Strike
0-1: Called Strike
0-2: Foul Ball, location: 2F
0-2: Foul Ball, location: 2F
0-2: Ball
1-2: Grounds into double play, 6-4-3 (Groundball, 6M, EV 90.0 MPH)
Freedon Akinmoladun to third
Batting: RHB Ángelo Delgado 0-0: Foul Ball, location: 2F
0-1: Fly out, F8 (Flyball, 8RS, EV 76.9 MPH)
Bottom of the 2nd over - 0 runs, 1 hit, 0 errors, 1 left on base; D.C. 3 - Greenville 4
TOP OF THE 3RD
D.C. Divided batting - Pitching for Greenville 84s : RHP Glenn Suggett
Batting: RHB Nick Boyd 0-0: Ball
1-0: Ball
2-0: Ball
3-0: Called Strike
3-1: Swinging Strike
3-2: Base on Balls
Batting: LHB Bill Butler 0-0: Called Strike
0-1: Foul Ball, location: 2F
0-2: Ball
1-2: Ball
2-2: Strikes out swinging
Batting: RHB Martín Chávez 0-0: Ball
1-0: Called Strike
1-1: Fly out, F6 (Line Drive, 6, EV 71.9 MPH)
Batting: LHB Manuel Carmona 0-0: Ball
1-0: Ball
2-0: DOUBLE (Line Drive, 7LM, EV 105.6 MPH)
Nick Boyd to third
Runner from 3rd tries for Home, SAFE, throw by LF to home
Batting: SHB Billy Dotson 0-0: Foul Ball, location: 2F
0-1: Called Strike
0-2: Strikes out looking
Top of the 3rd over - 1 run, 1 hit, 0 errors, 1 left on base; D.C. 4 - Greenville 4
BOTTOM OF THE 3RD
Greenville 84s batting - Pitching for D.C. Divided : RHP Ryunosuke Kurota
Batting: LHB Chris Payling 0-0: Ball
1-0: Foul Ball, location: 2F
1-1: Swinging Strike
1-2: Foul Ball, location: 2F
1-2: SOLO HOME RUN (Flyball, 89XD, EV 98.8 MPH), Distance : 414 ft
Batting: RHB Gil Andersen 0-0: Fly out, F4 (Line Drive, 4, EV 70.6 MPH)
Batting: LHB Roberts Hamhock 0-0: Ball
1-0: Ball
2-0: Fly out, F5 (Popup, 5F, EV 82.5 MPH)
Batting: RHB António Macías 0-0: Ball
1-0: Foul Ball, location: 2F
1-1: Called Strike
1-2: Strikes out swinging, 2-3 out at first.
Bottom of the 3rd over - 1 run, 1 hit, 0 errors, 0 left on base; D.C. 4 - Greenville 5
TOP OF THE 4TH
D.C. Divided batting - Pitching for Greenville 84s : RHP Glenn Suggett
Batting: LHB Stanley Zijm 0-0: Called Strike
0-1: Ball
1-1: SINGLE (Groundball, 4MD, EV 106.2 MPH)
Batting: RHB Francisco Alhama 0-0: Ball
1-0: Fielders Choice at 2nd, 4-6 (Groundball, 4M, EV 104.4 MPH)
Batting: RHB Karl Blanke 0-0: Foul Ball, location: 2F
0-1: Foul Ball, location: 2F
0-2: Ball
1-2: Strikes out looking
Batting: RHB Layton Arntsen 0-0: Ball
1-0: Swinging Strike
1-1: Foul Ball, location: 2F
1-2: Strikes out swinging
Top of the 4th over - 0 runs, 1 hit, 0 errors, 1 left on base; D.C. 4 - Greenville 5
BOTTOM OF THE 4TH
Greenville 84s batting - Pitching for D.C. Divided : RHP Ryunosuke Kurota
Batting: LHB Lung Chaim 0-0: Ball
1-0: SINGLE (Groundball, 34, EV 100.0 MPH) (infield hit)
Batting: RHB Freedon Akinmoladun 0-0: Ball
Lung Chaim is caught stealing 2nd base 2-4
1-0: Ball
2-0: SINGLE (Groundball, 6MD, EV 100.6 MPH)
Batting: SHB Glyn Bolasky 0-0: DOUBLE (Line Drive, 8RXD, EV 104.4 MPH)
Freedon Akinmoladun to third
Runner from 3rd tries for Home, SAFE, throw by CF to trailing runner, OUT at third! 8-4-5
Pitching: RHP Eric Colquhoun
Batting: LHB Philip Visscher 0-0: Ball
1-0: Called Strike
1-1: Ground out 1-3 (Groundball, 34S, EV 86.9 MPH)
Bottom of the 4th over - 1 run, 3 hits, 0 errors, 0 left on base; D.C. 4 - Greenville 6
TOP OF THE 5TH
D.C. Divided batting - Pitching for Greenville 84s : RHP Glenn Suggett
Batting: RHB Nick Boyd 0-0: Foul Ball, location: 2F
0-1: Ground out 4-3 (Groundball, 4S, EV 83.8 MPH)
Batting: LHB Bill Butler 0-0: Foul Ball, location: 2F
0-1: Ball
1-1: Fly out, F8 (Line Drive, 8RM, EV 104.4 MPH)
Batting: RHB Martín Chávez 0-0: Swinging Strike
0-1: Ball
1-1: Ball
2-1: Fly out, F8 (Flyball, 8RM, EV 86.2 MPH)
Top of the 5th over - 0 runs, 0 hits, 0 errors, 0 left on base; D.C. 4 - Greenville 6
BOTTOM OF THE 5TH
Greenville 84s batting - Pitching for D.C. Divided : RHP Eric Colquhoun
Batting: RHB Ángelo Delgado 0-0: Called Strike
0-1: Ball
1-1: Foul Ball, location: 2F
1-2: Ball
2-2: Ball
3-2: Ground out 5-3 (Groundball, 5, EV 84.4 MPH)
Batting: LHB Chris Payling 0-0: Foul Ball, location: 2F
0-1: Ground out 4-3 (Groundball, 4, EV 85.6 MPH)
Batting: RHB Gil Andersen 0-0: Ground out 1-3 (Groundball, 15, EV 85.0 MPH)
Bottom of the 5th over - 0 runs, 0 hits, 0 errors, 0 left on base; D.C. 4 - Greenville 6
TOP OF THE 6TH
D.C. Divided batting - Pitching for Greenville 84s : RHP Glenn Suggett
Batting: LHB Manuel Carmona 0-0: Ball
1-0: Called Strike
1-1: Ground out U3 (Groundball, 34, EV 85.6 MPH)
Batting: SHB Billy Dotson 0-0: Called Strike
0-1: Foul Ball, location: 2F
0-2: Fly out, F8 (Flyball, 89D, EV 87.5 MPH)
Batting: LHB Stanley Zijm 0-0: Ball
1-0: Ground out 1-3 (Groundball, 34S, EV 66.9 MPH)
Top of the 6th over - 0 runs, 0 hits, 0 errors, 0 left on base; D.C. 4 - Greenville 6
BOTTOM OF THE 6TH
Greenville 84s batting - Pitching for D.C. Divided : RHP Eric Colquhoun
Batting: LHB Roberts Hamhock 0-0: Ball
1-0: Swinging Strike
1-1: Foul Ball, location: 2F
1-2: Foul Ball, location: 2F
1-2: Ball
2-2: Foul Ball, location: 2F
2-2: Ground out U3 (Groundball, 3S, EV 70.6 MPH)
Batting: RHB António Macías 0-0: Foul Ball, location: 2F
0-1: Swinging Strike
0-2: Strikes out looking
Batting: LHB Lung Chaim 0-0: Foul Ball, location: 2F
0-1: Fly out, F8 (Flyball, 78M, EV 85.6 MPH)
Bottom of the 6th over - 0 runs, 0 hits, 0 errors, 0 left on base; D.C. 4 - Greenville 6
TOP OF THE 7TH
D.C. Divided batting - Pitching for Greenville 84s : RHP Glenn Suggett
Batting: RHB Francisco Alhama 0-0: Ball
1-0: Called Strike
1-1: Foul Ball, location: 2F
1-2: Strikes out swinging
Batting: RHB Karl Blanke 0-0: Fly out, F8 (Line Drive, 8RM, EV 98.1 MPH)
Batting: RHB Layton Arntsen 0-0: Called Strike
0-1: Fly out, F8 (Line Drive, 8RM, EV 101.9 MPH)
Top of the 7th over - 0 runs, 0 hits, 0 errors, 0 left on base; D.C. 4 - Greenville 6
BOTTOM OF THE 7TH
Greenville 84s batting - Pitching for D.C. Divided : RHP Eric Colquhoun
Batting: RHB Freedon Akinmoladun 0-0: Ball
1-0: Ball
2-0: SINGLE (Flyball, 89S, EV 85.0 MPH)
Batting: SHB Glyn Bolasky 0-0: Sac Bunt to 13S - play at first, batter OUT! 1-3
Freedon Akinmoladun to second
Batting: LHB Philip Visscher 0-0: Intentional Walk
Batting: RHB Ángelo Delgado 0-0: 3-RUN HOME RUN (Flyball, 7D, EV 93.8 MPH), Distance : 387 ft
Pitching: RHP Baker Mayfield
Batting: LHB Chris Payling 0-0: Ball
1-0: Ball
2-0: Foul Ball, location: 2F
2-1: SINGLE (Line Drive, 9S, EV 105.0 MPH)
Batting: RHB Gil Andersen 0-0: Called Strike
0-1: Ball
1-1: Called Strike
1-2: Ball
2-2: Grounds into double play, 4-6-3 (Groundball, 4, EV 97.5 MPH)
Bottom of the 7th over - 3 runs, 3 hits, 0 errors, 0 left on base; D.C. 4 - Greenville 9
TOP OF THE 8TH
D.C. Divided batting - Pitching for Greenville 84s : RHP Glenn Suggett
Pitching: RHP Rubén Vázquez
Batting: RHB Nick Boyd 0-0: Called Strike
0-1: Swinging Strike
0-2: Foul Ball, location: 2F
0-2: Ball
1-2: Strikes out swinging
Batting: LHB Bill Butler 0-0: Foul Ball, location: 2F
0-1: Foul Ball, location: 2F
0-2: Fly out, F8 (Flyball, 8LD, EV 105.0 MPH)
Batting: RHB Martín Chávez 0-0: Called Strike
0-1: Ground out 6-3 (Groundball, 6, EV 108.1 MPH)
Top of the 8th over - 0 runs, 0 hits, 0 errors, 0 left on base; D.C. 4 - Greenville 9
BOTTOM OF THE 8TH
Greenville 84s batting - Pitching for D.C. Divided : RHP Baker Mayfield
Batting: LHB Roberts Hamhock 0-0: Hit by Pitch
Batting: RHB António Macías 0-0: Ball
1-0: Ball
2-0: Called Strike
2-1: SINGLE (Groundball, 4MD, EV 99.4 MPH)
Roberts Hamhock to second
Batting: LHB Lung Chaim 0-0: Ball
1-0: Fielders Choice at 2nd, 1-6 (Groundball, 34S, EV 91.2 MPH)
Roberts Hamhock to third
Batting: RHB Freedon Akinmoladun 0-0: Foul Ball, location: 2F
0-1: Ball
1-1: Fly out, F8 (Flyball, 8LS, EV 86.9 MPH)
Batting: SHB Glyn Bolasky 0-0: Ball
1-0: Ball
2-0: Ball
3-0: Ground out 4-3 (Groundball, 4M, EV 85.0 MPH)
Bottom of the 8th over - 0 runs, 1 hit, 0 errors, 2 left on base; D.C. 4 - Greenville 9
TOP OF THE 9TH
D.C. Divided batting - Pitching for Greenville 84s : RHP Rubén Vázquez
Batting: LHB Manuel Carmona 0-0: Called Strike
0-1: Ball
1-1: Ball
2-1: Ball
3-1: Base on Balls
Batting: SHB Billy Dotson 0-0: Ball
1-0: Foul Ball, location: 2F
1-1: Foul Ball, location: 2F
1-2: Foul Ball, location: 2F
1-2: Ball
2-2: Strikes out swinging
Batting: LHB Stanley Zijm 0-0: Ball
1-0: Ball
2-0: SINGLE (Line Drive, 9S, EV 93.8 MPH)
Manuel Carmona to second
Batting: RHB Francisco Alhama 0-0: Called Strike
0-1: Ball
1-1: Swinging Strike
1-2: Strikes out swinging
Batting: RHB Karl Blanke 0-0: Ball
1-0: Called Strike
1-1: Called Strike
1-2: Ball
2-2: Strikes out swinging
Top of the 9th over - 0 runs, 1 hit, 0 errors, 2 left on base; D.C. 4 - Greenville 9
Tuesday, January 5th, 2021 - OOTP Baseball 20.8 Build 74